 Dungeon Crawl Stone Soup version 0.19.5 (webtiles) character file.

252 BugsBunnySan the Scratcher (level 5, 24/24 HPs)
             Began as a Felid Berserker on Mar 22, 2017.
             Was a Priest of Trog.
             Quit the game on level 5 of the Dungeon.
             The game lasted 00:09:34 (4033 turns).

BugsBunnySan the Scratcher (Felid Berserker)        Turns: 4033, Time: 00:09:35

Health: 24/24      AC:  2    Str: 13    XL:     5   Next: 89%
Magic:  6/6        EV: 20    Int:  9    God:    Trog [***...]
Gold:   142        SH:  0    Dex: 17    Spells: 0 memorised, 4 levels left
                                        Lives:  0   Deaths: 1

rFire  . . .     SeeInvis +       - Unarmed
rCold  . . .     Gourm    .     (armour unavailable)
rNeg   . . .     Faith    .     (shield unavailable)
rPois  .         Spirit   .     (helmet unavailable)
rElec  .         Reflect  .     (cloak unavailable)
rCorr  .         Harm     .     (gloves unavailable)
MR     .....                    (boots unavailable)
Stlth  +++.......               (no amulet)
                                (no ring)
                                (no ring)

@: quick
A: no armour, no weapons or thrown items, stealth, claws 1, fangs 3, see
invisible, carnivore 3, speed 1, shaggy fur 2, slow metabolism 1, sharp paws
a: Berserk, Trog's Hand, Burn Spellbooks, Renounce Religion


You were on level 5 of the Dungeon.
You worshipped Trog.
Trog was most pleased with you.
You were not hungry.

You visited 1 branch of the dungeon, and saw 5 of its levels.
You also visited: Sewer.

You collected 142 gold pieces.

Inventory:

Jewellery
 t - an uncursed ring of protection from fire {unknown}
Wands
 m - a wand of paralysis (5/24)
Scrolls
 c - 5 scrolls of identify {unknown}
 e - 3 scrolls of enchant weapon {unknown}
 g - a scroll of enchant armour {unknown}
 i - 2 scrolls of remove curse {unknown}
 j - a scroll of magic mapping {unknown}
 k - a scroll of fog {unknown}
 n - a scroll of random uselessness {unknown}
 r - a scroll of blinking {unknown}
 s - 2 scrolls of teleportation {unknown}
Potions
 d - a potion of magic {unknown}
 f - 3 potions of heal wounds {unknown}
 h - 3 potions of lignification {unknown}
 l - a potion of berserk rage {unknown}
 o - a potion of blood
 p - 3 potions of curing {unknown}
 q - a potion of degeneration {unknown}
Comestibles
 a - 4 meat rations
 b - a slice of pizza


   Skills:
 + Level 3.5 Fighting
 + Level 4.9 Dodging
 + Level 4.3 Stealth
 * Level 6.5 Unarmed Combat


You had 4 spell levels left.
You didn't know any spells.

Dungeon Overview and Level Annotations

Branches:
Dungeon (5/15)             Temple (0/1) D:4

Altars:
Uskayaw

Shops:
D:4 =


Innate Abilities, Weirdness & Mutations

You cannot wear armour.
You are incapable of wielding weapons or throwing items.
Your paws allow you to move quietly. (Stealth)
You have sharp claws.
You have razor-sharp teeth.
You have supernaturally acute eyesight. (SInv)
You are carnivorous and can eat meat at any time.
You cover ground quickly.
You are covered in thick fur. (AC +2)
You have a slow metabolism.
Your sharp claws are effective at attacking unaware monsters.


Message History

There is a stone staircase leading down here.
You start resting.
HP restored.
You climb downwards.
The centaur shoots an arrow.
The arrow hits you!
The centaur shoots an arrow.
The arrow hits you!
* * * LOW HITPOINT WARNING * * *
There is a stone staircase leading up, spattered with blood here.
You see here 2 arrows.
Your skin crawls.
You feel resistant to hostile enchantments.
The centaur shoots an arrow.
The arrow closely misses you.
The centaur shoots an arrow.
The arrow closely misses you.
A red film seems to cover your vision as you go berserk!
You feel yourself moving faster!
You feel mighty!
You feel a lot less full.
The centaur shoots an arrow.
The arrow hits you!
You die...
You are now level 5!
You rejoin the land of the living...
Found a stone staircase leading up.
Are you sure you want to abandon this character and quit the game? (Confirm with "yes".)

###### ......
###<.....
.........
#........
###........
.#..@......#
.......##..>..##
....#..#.......##
..%..............
...............#
........#......#
..............###.
.........<.#......
.............#


There were no monsters in sight!

Vanquished Creatures
  Purgy (Sewer)
  The ghost of nigger123 the Sneak, an amateur FeEn (Sewer)
  A scorpion (D:5)
  A howler monkey (D:5)
  A crimson imp (D:5)
  2 worker ants (D:4)
  A hound skeleton (D:4)
  4 adders
  3 oozes
  An adder skeleton (D:4)
  2 dart slugs
  3 worms
  5 leopard geckos
  6 orcs
  7 bats
  7 giant cockroaches
  8 goblins
  7 hobgoblins
  7 jackals
  A quokka (D:2)
  A frilled lizard (D:4)
  7 kobolds
  14 rats
91 creatures vanquished.

Notes
Turn   | Place    | Note
-------+----------+-------------------------------------------
     0 | D:1      | BugsBunnySan the Felid Berserker began the quest for the Orb.
     0 | D:1      | Reached XP level 1. HP: 10/10 MP: 2/2
    89 | D:1      | Reached XP level 2. HP: 12/14 MP: 3/3
   262 | D:1      | Reached XP level 3. HP: 17/17 MP: 4/4
   615 | D:1      | Reached ** piety under Trog
   804 | D:1      | Reached skill level 4 in Unarmed Combat
  1290 | D:2      | Reached XP level 4. HP: 21/21 MP: 5/5
  1369 | D:2      | Reached skill level 1 in Stealth
  2004 | D:3      | Found a glowing drain.
  2018 | Sewer    | Entered a sewer
  2018 | Sewer    | Noticed nigger123's ghost (amateur FeEn)
  2036 | Sewer    | Killed nigger123's ghost
  2036 | Sewer    | Reached skill level 5 in Unarmed Combat
  2036 | Sewer    | Reached XP level 5. HP: 24/24 MP: 6/6
  2113 | Sewer    | Noticed Purgy
  2117 | Sewer    | Killed Purgy
  2473 | D:2      | Gained mutation: You are covered in thick fur. (AC +2) [Felid growth]
  2473 | D:2      | Reached XP level 6. HP: 28/28 MP: 7/7
  2872 | D:3      | Found a hide-covered altar of Uskayaw.
  3221 | D:3      | Reached *** piety under Trog
  3359 | D:5      | Entered Level 5 of the Dungeon
  3365 | D:5      | Reached skill level 6 in Unarmed Combat
  3531 | D:4      | Found a staircase to the Ecumenical Temple.
  3604 | D:4      | Found Kazxiel's Jewellery Boutique.
  4032 | D:5      | Shot with an arrow by a centaur
  4033 | D:5      | Reached XP level 5. HP: -1/36 MP: 6/6
  4033 | D:5      | Quit the game

Skill      XL: |  1  2  3  4  5  6 |
---------------+-------------------+-----
Unarmed Combat | 4 5 6 |  6.5
Stealth        | 2 3 4 |  4.3
Fighting       | |  3.5
Dodging        | |  4.9

Action                   |  1- 3 |  4- 6 || total
-------------------------+-------+-------++-------
Melee: Unarmed           |    73 |   135 ||   208
       Bite              |     6 |    23 ||    29
       Punch             |     2 |     3 ||     5
Invok: Berserk           |     3 |     6 ||     9
       Trog's Hand       |       |     3 ||     3
 Stab: Sleeping          |     7 |    12 ||    19
  Eat: Chunk             |    10 |    11 ||    21
Armor: Skin              |     2 |     3 ||     5
Dodge: Dodged            |    55 |    87 ||   142
